 Dungeon Crawl Stone Soup version 0.19.5 (webtiles) character file.

168 grindst0ne the Skirmisher (level 5, -10/50 HPs)
             Began as a Minotaur Abyssal Knight on May 2, 2017.
             Was a Priest of Lugonu.
             Mangled by an ogre
             ... wielding a +0 giant spiked club
              (29 damage)
             ... on level 3 of the Dungeon.
             The game lasted 00:07:36 (2127 turns).

grindst0ne the Skirmisher (Minotaur Abyssal Knight) Turns: 2127, Time: 00:07:37

Health: -10/50     AC:  6    Str: 21    XL:     5   Next: 23%
Magic:  5/6        EV: 10    Int:  9    God:    Lugonu [***...]
Gold:   136        SH:  0    Dex: 11    Spells: 0 memorised, 4 levels left

rFire  . . .     SeeInvis .     a - +1 hand axe
rCold  . . .     Gourm    .     s - +0 scale mail
rNeg   . . .     Faith    .     (no shield)
rPois  .         Spirit   .     (helmet restricted)
rElec  .         Reflect  .     (no cloak)
rCorr  .         Harm     .     (no gloves)
MR     .....                    (no boots)
Stlth  ..........               (no amulet)
                                (no ring)
                                (no ring)

@: mighty
A: retaliatory headbutt, horns 2
a: Depart the Abyss, Bend Space, Banish, Renounce Religion


You were on level 3 of the Dungeon.
You worshipped Lugonu.
Lugonu was most pleased with you.
You were not hungry.

You visited 1 branch of the dungeon, and saw 3 of its levels.
You visited the Abyss 1 time.

You collected 136 gold pieces.

Inventory:

Hand Weapons
 a - a +1 hand axe (weapon)
Armour
 b - a +0 leather armour
 e - a +0 ring mail
 s - a +0 scale mail (worn)
Scrolls
 f - 5 scrolls of identify {unknown}
 k - a scroll of noise {unknown}
 l - a scroll of fear {unknown}
 m - 2 scrolls of teleportation {unknown}
 q - a scroll of remove curse {unknown}
Potions
 g - a potion of berserk rage {unknown}
 h - 2 potions of brilliance {unknown}
 i - 2 potions of cure mutation {unknown}
 j - 2 potions of degeneration {unknown}
 n - 3 potions of curing {unknown}
 r - a potion of might
Comestibles
 c - 3 bread rations
 o - a beef jerky
 p - a slice of pizza


   Skills:
 * Level 5.8 Fighting
 + Level 3.7 Axes
 - Level 2.4 Armour
 - Level 1.1 Dodging
 + Level 3.0 Invocations


You had 4 spell levels left.
You didn't know any spells.

Dungeon Overview and Level Annotations

Branches:
Dungeon (3/15)

Altars:


Innate Abilities, Weirdness & Mutations

You reflexively headbutt those who attack you in melee.
You have a pair of horns on your head.


Message History

You fail to use your ability.
The ogre barely misses you.
Press: ? - help, Shift-Dir - straight line, f/p - ogre
Aim: an ogre, wielding a giant spiked club (chance to defeat MR: 81%)
You fail to use your ability.
Press: ? - help, Shift-Dir - straight line, f/p - ogre
Aim: an ogre, wielding a giant spiked club (chance to defeat MR: 81%)
You fail to use your ability.
The ogre hits you with a giant spiked club.
Space bends around you!
You blink.
It was a potion of might.
You feel very mighty all of a sudden. The ogre barely misses you.
You slash the ogre! You headbutt the ogre!
The ogre is severely wounded.
You completely miss the ogre. Your headbutt misses the ogre.
The ogre is severely wounded.
The ogre hits you with a giant spiked club!!
Ouch! That really hurt!
You die...

###.#.#..# #.
##...#.#.##
## #....#.#>#
## #......#.#
#. #.##.###.#
#. #....#
#.##########.
###.(#
#..........#.
####...#
##########.#.
#.###@.#
#######...
#...O..#
#.........
#.####.#
#.........
#.# #.#
#.........
#.# #.#
#.........
#.# #.#
##########
#.# #.#
#.####.#
#...##.#


You could see an ogre.

Vanquished Creatures
  7 adders
  An ooze (D:3)
  3 worms
  A dart slug (D:1)
  2 leopard geckos
  3 orcs
  2 giant cockroaches
  8 goblins
  8 hobgoblins
  4 jackals (D:3)
  5 quokkas
  2 ball pythons
  14 bats
  9 frilled lizards
  7 kobolds
  8 rats
84 creatures vanquished.

Notes
Turn   | Place    | Note
-------+----------+-------------------------------------------
     0 | Abyss:1  | grindst0ne the Minotaur Abyssal Knight began the quest for the Orb.
     0 | Abyss:1  | Reached XP level 1. HP: 19/19 MP: 1/1
    79 | Abyss:1  | Noticed a quasit
    80 | D:1      | Escaped the Abyss
   117 | D:1      | Reached * piety under Lugonu
   118 | D:1      | Reached skill level 4 in Fighting
   155 | D:1      | Reached XP level 2. HP: 20/27 MP: 2/2
   673 | D:1      | Reached XP level 3. HP: 34/34 MP: 3/3
   754 | D:2      | Reached ** piety under Lugonu
   979 | D:2      | Reached skill level 5 in Fighting
   980 | D:2      | Reached XP level 4. HP: 42/42 MP: 4/4
  1558 | D:3      | Reached *** piety under Lugonu
  1578 | D:3      | Reached XP level 5. HP: 48/49 MP: 6/6
  2099 | D:3      | Noticed an ogre
  2127 | D:3      | Mangled by an ogre

Skill      XL: |  1  2  3  4  5 |
---------------+----------------+-----
Fighting       | 4 5 |  5.8
Invocations    | 2 3 |  3.0
Axes           | 3 |  3.7
Armour         | |  2.4
Dodging        | |  1.1

Action                   |  1- 3 |  4- 6 || total
-------------------------+-------+-------++-------
Melee: Hand axe          |    63 |   102 ||   165
       Headbutt          |     7 |    10 ||    17
Invok: Depart the Abyss  |     1 |       ||     1
       Bend Space        |       |     1 ||     1
  Use: Potion            |       |     1 ||     1
  Eat: Chunk             |       |     4 ||     4
Armor: Leather armour    |     5 |       ||     5
       Ring mail         |    31 |    59 ||    90
Dodge: Dodged            |    58 |    76 ||   134
